 Dungeon Crawl Stone Soup version 0.25-a0-496-g8c4878dea3 (webtiles) character file.

Game seed: 14907028205558055938, levelgen mode: deterministic

1334 Kohma the Shield-Bearer (level 8, -6/50 HPs)
             Began as a Gargoyle Fighter on Feb 12, 2020.
             Was an Initiate of Okawaru.
             Killed by divine providence
             ... invoked by an orc priest
              (11 damage)
             ... on level 5 of the Dungeon.
             The game lasted 00:13:30 (6464 turns).

Kohma the Shield-Bearer (Gargoyle Fighter)          Turns: 6464, Time: 00:13:31

Health: -6/50      AC: 21    Str: 22    XL:     8   Next: 61%
Magic:  0/8        EV:  5    Int:  9    God:    Okawaru [......]
Gold:   338        SH: 11    Dex:  9    Spells: 7/7 levels left

rFire    + + .     SeeInvis .   d - +0 dagger "Gofyiw" {holy, rF++} (curse)
rCold    . . .     Gourm    .   c - +1 kite shield
rNeg     + . .     Faith    .   e - +0 plate armour
rPois    ∞         Spirit   +   m - +2 hat
rElec    +         Reflect  .   w - +0 cloak
rCorr    .         Harm     .   (no gloves)
MR       .....                  (no boots)
Stlth    ..........             p - amulet of guardian spirit
HPRegen  0.16/turn              (no ring)
MPRegen  0.11/turn              (no ring)

@: no status effects
A: negative energy resistance 1, electricity resistance, unbreathing,
petrification resistance, rot immunity, AC +5
a: Renounce Religion


You were on level 5 of the Dungeon.
You worshipped Okawaru.
Okawaru was noncommittal.
You were not hungry.

You visited 2 branches of the dungeon, and saw 7 of its levels.

You collected 338 gold pieces.

Inventory:

Hand Weapons
 a - a +0 long sword
 d - the cursed +0 dagger "Gofyiw" (weapon) {holy, rF++}
   (You found it on level 5 of the Dungeon)

   It has been blessed by the Shining One to cause great damage to the undead
   and demons.
   It greatly protects you from fire.
   It has a curse placed upon it.
Missiles
 b - 17 poisoned darts (quivered)
Armour
 c - a +1 kite shield (worn)
 e - a +0 plate armour (worn)
 m - a +2 hat (worn)
 w - a +0 cloak (worn)
Jewellery
 p - an amulet of guardian spirit (around neck)
Wands
 j - a wand of digging (4)
 l - a wand of acid (3)
 u - a wand of random effects (7)
Scrolls
 k - a scroll of enchant armour
 o - a scroll of blinking
Potions
 g - 3 potions of curing
 h - 2 potions of ambrosia
 i - a potion of cancellation {unknown}
 n - a potion of lignification {unknown}
 q - 2 potions of heal wounds
 r - a potion of haste {unknown}
 s - 2 potions of mutation {unknown}
 t - a potion of degeneration {unknown}
Comestibles
 f - 6 rations


   Skills:
 + Level 5.5 Fighting
 * Level 5.5 Long Blades
 + Level 5.7 Armour
 * Level 7.2 Shields


You had 7 spell levels left.
You didn't know any spells.
Your spell library was empty.

Dungeon Overview and Level Annotations

Branches:
Dungeon (6/15)             Temple (1/1) D:5

Altars:
Ashenzari
Cheibriados
Dithmenos
Elyvilon
Fedhas
Gozag
Hepliaklqana
Kikubaaqudgha
Makhleb
Nemelex Xobeh
Okawaru
Qazlal
Ru
Sif Muna
Trog
Uskayaw
Vehumet
Wu Jian
Xom
Yredelemnul
Zin
The Shining One


Innate Abilities, Weirdness & Mutations

You are resistant to torment.
Your stone body is resilient. (AC +5)
You are immune to poison.
You resist negative energy. (rN+)
You are resistant to electric shocks. (rElec)
You can survive without breathing.
You are immune to petrification.
You are immune to rotting.


Message History

You hit the orc.
You kill the orc!
Okawaru accepts your kill.
You hit the sky beast.
The sky beast is lightly wounded.
The sky beast hits you but does no damage.
You hit the sky beast but do no damage.
The sky beast is lightly wounded.
The orc priest calls down the wrath of Beogh upon you.
Beogh smites you!
* * * LOW HITPOINT WARNING * * *
The sky beast flickers out of sight!
Deactivating autopickup; reactivate with Ctrl-A.
Something hits you but does no damage.
You barely miss something. You miss something.
Something hits you but does no damage.
You hit something but do no damage. Something hits you but does no damage.
The orc priest mumbles some strange prayers to Beogh against you.
Beogh smites you!
You die...

#.#≈≈≈≈#.#≈≈≈≈# #.#
#.#§§§≈#.#§≈≈≈# #.#
#.######.###### #.#
..##.#.#..# #.#
####.#.##.# #.#
(....#....### #.#
P(#######...###
##.##
P(...#........#####
#...###
P.##.#.##.#...o{@.#
#.....#
...#.#.##...#####.#
#...#.#
P......##.#.### #.#
#####.#
#########..>..# #.#
#.# #.)...# #.##
#.# #.(...###..#
#.# #......))..#
#.# #.....####<#
#.# #####
####.#####.# #.#


You could see an orc priest.

Vanquished Creatures
  Sigmund (D:4)
  2 ice beasts (D:5)
  2 orc warriors (D:5)
  2 centaurs (D:5)
  An ogre (D:5)
  A scorpion (D:4)
  3 hounds
  2 orc wizards (D:5)
  An orc priest (D:5)
  A gnoll shaman (D:4)
  A centaur skeleton (D:4)
  A worker ant (D:4)
  11 gnolls
  5 adders
  A worm (D:2)
  2 dart slugs
  4 leopard geckos
  16 orcs
  8 bats
  6 goblins
  7 hobgoblins
  7 jackals
  6 kobolds
  2 quokkas
  5 ball pythons
  9 frilled lizards
  A quokka skeleton (D:4)
  5 rats
  A fungus (D:4)
114 creatures vanquished.

Vanquished Creatures (others)
  2 toadstools (D:4)
2 creatures vanquished.

Grand Total: 116 creatures vanquished

Notes
Turn   | Place    | Note
-------+----------+-------------------------------------------
     0 | D:1      | Kohma the Gargoyle Fighter began the quest for the Orb.
     0 | D:1      | Reached XP level 1. HP: 14/14 MP: 1/1
   126 | D:1      | Reached XP level 2. HP: 18/19 MP: 2/2
  1009 | D:2      | Reached XP level 3. HP: 23/23 MP: 3/3
  1480 | D:2      | Found a sparkling altar of Nemelex Xobeh.
  1770 | D:2      | Reached skill level 4 in Shields
  1918 | D:3      | Reached XP level 4. HP: 25/29 MP: 4/4
  2331 | D:3      | Found a stormy altar of Qazlal.
  2545 | D:3      | Reached XP level 5. HP: 33/33 MP: 5/5
  2840 | D:3      | Found a hazy altar of Hepliaklqana.
  2841 | D:3      | Found a snail-covered altar of Cheibriados.
  3409 | D:4      | Reached XP level 6. HP: 38/38 MP: 6/6
  3579 | D:4      | Found a shimmering altar of Xom.
  3616 | D:4      | Reached skill level 5 in Shields
  3790 | D:4      | Noticed Sigmund
  3802 | D:4      | Killed Sigmund
  3802 | D:4      | Reached XP level 7. HP: 42/44 MP: 5/7
  4250 | D:5      | Entered Level 5 of the Dungeon
  4393 | D:5      | Reached skill level 6 in Shields
  4463 | D:5      | HP: 1/44 [ogre/+0 giant club (9)]
  4465 | D:5      | Reached skill level 5 in Fighting
  4465 | D:5      | Reached skill level 5 in Armour
  4855 | D:5      | Got a crude dagger
  4856 | D:5      | Identified the cursed +0 dagger "Gofyiw" {holy, rF++} (You
                  | found it on level 5 of the Dungeon)
  4913 | D:5      | Reached XP level 8. HP: 34/49 MP: 5/8
  5092 | D:5      | Found a blossoming altar of Fedhas.
  5137 | D:5      | Reached skill level 5 in Long Blades
  5675 | D:5      | Found a staircase to the Ecumenical Temple.
  5684 | Temple   | Entered the Ecumenical Temple
  5878 | Temple   | Became a worshipper of Warmaster Okawaru
  6010 | D:5      | Reached skill level 7 in Shields
  6464 | D:5      | Killed from afar by an orc priest

Levels and vault maps discovered:
D:1:      minmay_arrival_five_plusses, layout_basic
D:2:      layout_loops_ring, lemuel_doored_altar, first_ration, minivault_27,
          wander_ebering_terrifying_dragon_lair
D:3:      layout_loops_ring, nicolae_qazlal_general_emergency,
          gammafunk_temple_overflow_pools
D:4:      layout_basic, xom_butterflies, minmay_gold_behind_fungi, uniq_sigmund
D:5:      layout_loops_ring, fedhas_bush_and_centaur_altar,
          minmay_temple_entry_poolview
D:6:      layout_rooms, gup_sewer_entry_glass
Temple:   eino_temple_scatter_basement

Skill      XL: |  1  2  3  4  5  6  7  8 |
---------------+-------------------------+-----
Long Blades    | 2 3 4 5 |  5.5
Shields        | 4 5 6 7 |  7.2
Armour         | 4 5 |  5.7
Fighting       | 4 5 |  5.5

Action                   |  1- 3 |  4- 6 |  7- 9 || total
-------------------------+-------+-------+-------++-------
Melee: Long sword        |   177 |   266 |   106 ||   549
       Dagger            |       |       |   278 ||   278
Evoke: Wand              |       |       |     2 ||     2
  Use: Scroll            |       |     6 |     2 ||     8
       Potion            |       |       |     2 ||     2
  Eat: Chunk             |     3 |     5 |     1 ||     9
       Ration            |       |     1 |     2 ||     3
Armor: Plate armour      |   162 |   259 |   190 ||   611
       Scale mail        |     6 |       |       ||     6
Dodge: Dodged            |    29 |    67 |    42 ||   138
Block: Kite shield       |   121 |   200 |   214 ||   535
       Rpst.: Long sword |     9 |    25 |     3 ||    37

Table legend:
 A = Non-vault XP
 B = Vault XP
 C = Vault XP percentage of total XP
 D = Non-vault monster count
 E = Vault monster count
 F = Vault count percentage of total count
                 A         B        C        D         E       F
            +---------+---------+-------+---------+---------+-------
      Total |    1555 |     352 |  18.5 |     110 |       3 |   2.7
            +---------+---------+-------+---------+---------+-------
        D:1 |      31 |       0 |   0.0 |      20 |       0 |   0.0
        D:2 |      40 |       3 |   7.0 |      15 |       1 |   6.2
        D:3 |     133 |       0 |   0.0 |      31 |       0 |   0.0
        D:4 |     360 |     231 |  39.1 |      20 |       1 |   4.8
        D:5 |     985 |     118 |  10.7 |      22 |       1 |   4.3
        D:6 |       6 |       0 |   0.0 |       2 |       0 |   0.0
            +---------+---------+-------+---------+---------+-------
